 Dungeon Crawl Stone Soup version 0.24.0-123-gd5b16e6ec5 (webtiles) character file.

Game seed: 16800068729055237636, levelgen mode: deterministic

121956 chriswess the Whirler (level 17, -6/117 HPs)
             Began as a Halfling Hunter on Dec 31, 2019.
             Was a High Priest of Dithmenos.
             Mangled by a sixfirhy (11 damage)
             ... on level 3 of the Abyss on Jan 1, 2020.
             The game lasted 06:38:26 (35551 turns).

chriswess the Whirler (Halfling Hunter)            Turns: 35551, Time: 06:38:27

Health: -6/117     AC: 20    Str:  5 (6)  XL:     17   Next: 41%
Magic:  20/21      EV: 19    Int:  4 (5)  God:    Dithmenos [*****.]
Gold:   2783       SH: 11    Dex: 17 (18) Spells: 19/21 levels left

rFire    . . .     SeeInvis +   e - +2 short sword (holy)
rCold    + . .     Gourm    .   N - +2 buckler
rNeg     + . .     Faith    .   Q - +3 ring mail of Starshine {rC+ rN+ Str-3 Slay+2}
rPois    .         Spirit   .   S - +2 helmet
rElec    .         Reflect  +   R - +2 cloak
rCorr    .         Harm     .   P - +2 pair of gloves
MR       +....                  r - +2 pair of boots
Stlth    +++++++++.             V - +2 amulet of reflection
HPRegen  0.00/turn              Z - +2 ring of slaying
MPRegen  0.17/turn              C - ring of see invisible

@: non-regenerating, badly diseased, wreathed by umbra
A: small, [blurry vision 3], [clumsy 2], [deformed body], [deterioration 2],
[dopey 2], mutation resistance 1, [weak 2]
a: Shadow Step, Shadow Form, Renounce Religion


You were on level 3 of the Abyss.
You worshipped Dithmenos.
Dithmenos was extremely pleased with you.
You were hungry.

You visited 5 branches of the dungeon, and saw 24 of its levels.
You visited the Abyss 1 time.
You also visited: Ossuary and Ice Cave.

You collected 3396 gold pieces.
You spent 613 gold pieces at shops.

Inventory:

Hand Weapons
 a - a +4 hunting sling of flaming
 b - a +4 dagger of draining
 e - a +2 short sword of holy wrath (weapon)
 x - a +1 dagger of freezing
 A - a +2 short sword of speed
 F - a +2 dagger of flaming
 L - a +4 dagger of venom
Missiles
 d - 152 sling bullets
 m - 363 stones (quivered)
Armour
 r - a +2 pair of boots (worn)
 K - a scarf of repulsion
 N - a +2 buckler (worn)
 P - a +2 pair of gloves (worn)
 Q - the +3 ring mail of Starshine (worn) {rC+ rN+ Str-3 Slay+2}
   (You found it on level 5 of the Dungeon)

   It affects your strength (-3).
   It affects your accuracy and damage with ranged weapons and melee attacks
   (+2).
   It protects you from cold.
   It protects you from negative energy.
 R - a +2 cloak (worn)
 S - a +2 helmet (worn)
Jewellery
 g - an uncursed ring of ice
 p - an uncursed ring of flight
 C - a ring of see invisible (right hand)
 O - an uncursed ring of magical power
 T - an uncursed ring of protection from cold
 V - a +2 amulet of reflection (around neck)
 W - an uncursed ring of positive energy
 Y - an uncursed ring of magical power
 Z - a +2 ring of slaying (left hand)
Wands
 k - a wand of enslavement (7)
 w - a wand of acid (10)
 E - a wand of digging (7)
 J - a wand of disintegration (22)
 X - a wand of iceblast (28)
Scrolls
 c - 4 scrolls of immolation
 j - 4 scrolls of summoning
 l - a scroll of holy word
 o - 13 scrolls of remove curse
 q - a scroll of magic mapping
 u - a scroll of fog
 v - 7 scrolls of identify
 y - 13 scrolls of teleportation
 D - a scroll of fear
 H - a scroll of enchant armour
Potions
 h - a potion of brilliance
 i - 3 potions of lignification
 n - 3 potions of might
 s - 3 potions of haste
 t - a potion of heal wounds
 z - a potion of cancellation
 B - 2 potions of invisibility
 G - 4 potions of resistance
 I - a potion of ambrosia
 M - a potion of agility
 U - 4 potions of curing
Comestibles
 f - 39 rations


   Skills:
 + Level 11.1 Fighting
 + Level 12.3 Short Blades
 + Level 18.1 Slings
 - Level 7.0 Armour
 + Level 14.5 Dodging
 + Level 15.5 Stealth
 - Level 5.6 Shields
 + Level 2.9 Spellcasting
 + Level 4.5 Translocations
 + Level 2.9 Invocations
 - Level 3.0 Evocations


You had 19 spell levels left.
You knew the following spells:

 Your Spells              Type           Power        Failure   Level  Hunger
b - Blink                 Tloc           N/A          36%         2    ###....

Your spell library contained the following spells:

 Spells                   Type           Power        Failure   Level  Hunger
 Animate Skeleton         Necr           N/A          86%         1    ##.....
 Corona                   Hex            #......      86%         1    ##.....
 Magic Dart               Conj           #...         86%         1    ##.....
 Pain                     Necr           #...         86%         1    ##.....
 Sandblast                Erth           #.....       86%         1    ##.....
 Call Imp                 Summ           #.......     94%         2    ###....
 Ensorcelled Hibernation  Hex/Ice        #.....       94%         2    ###....
 Passwall                 Tmut/Erth      #.......     94%         2    ###....
 Slow                     Hex            #.......     94%         2    ###....
 Confuse                  Hex            #.......     99%         3    ####...
 Conjure Flame            Conj/Fire      #.......     99%         3    ####...
 Dazzling Spray           Conj/Hex       #.....       99%         3    ####...
 Mephitic Cloud           Conj/Pois/Air  #.......     99%         3    ####...
 Regeneration             Chrm/Necr      #.........   99%         3    ####...
 Stone Arrow              Conj/Erth      #.....       99%         3    ####...
 Tukima's Dance           Hex            #.......     99%         3    ####...
 Vampiric Draining        Necr           #.........   99%         3    ####...
 Animate Dead             Necr           N/A          100%        4    #####..
 Petrify                  Tmut/Erth      #.......     100%        4    #####..
 Lee's Rapid Deconstruct  Erth           #.........   100%        5    ######.


Dungeon Overview and Level Annotations

Branches:
Dungeon (12/15)            Temple (1/1) D:6            Lair (6/6) D:10
  Swamp (0/4) Lair:4       Spider (0/4) Lair:4        Slime (0/5) Lair:5
    Orc (2/2) D:12            Elf (3/3) Orc:2       Ossuary (visited)
  IceCv (visited)

Altars:
Ashenzari
Cheibriados
Dithmenos
Elyvilon
Fedhas
Gozag
Hepliaklqana
Kikubaaqudgha
Makhleb
Nemelex Xobeh
Okawaru
Qazlal
Ru
Sif Muna
Trog
Uskayaw
Vehumet
Wu Jian
Xom
Yredelemnul
Zin
The Shining One
Beogh
Jiyva

Shops:
D:4 !   D:12 !   Orc:2 (?:?   Elf:1 [%}%   Elf:3 (=

Portals:
Pandemonium: Orc:2

Annotations:
D:9 exclusion: downstairs
D:11 exclusion: door
D:12 exclusion: door
Lair:2 Gastronok
Lair:3 exclusion: upstairs
Lair:5 exclusion: hydra, Rupert


Innate Abilities, Weirdness & Mutations

You are small and have problems with some larger weapons.
You are somewhat resistant to further mutation.
[Scrolls take you much longer to read.]
[You are very clumsy. (Dex -4)]
[Armour fits poorly on your strangely shaped body.]
[Your body often deteriorates upon taking damage.]
[You are very dopey. (Int -4)]
[You are very weak. (Str -4)]


Message History

The thrashing horror tramples you but does no damage. x2
The ancient zyme hits you but does no damage. x2
You feel ill.
A thrashing horror comes into view.
A starcursed mass splits.
The starcursed mass engulfs you but does no damage.
You can move again.
Okay, then.
Okay, then.
Evoke which item? (* to show all) (? for menu, Esc to quit)
Okay, then.
Really read with blurry vision while enemies are nearby? [Y]es or [N]o only, please.
Really read with blurry vision while enemies are nearby?
Okay, then.
You feel magically purged. The sixfirhy completely misses you.
The sixfirhy hits you.
* * * LOW HITPOINT WARNING * * *
The sixfirhy shocks you!
You die...

...# .=.# .....# .
.....# . ... ..
....# ..(># $..#
.... #...#.
#....####.### .....
#......#X#..#X.....
.......@3X.........
≈......xXX.........
≈.$....XxXX........
.
≈..≈...XXX.........
≈....≈.*X......
.##.
.#####3#..X...##!#
###.#xZ##..# # .
##.....#..
§#x###### #.


You could see 10 starcursed masses, a wretched star, 2 ancient zymes, 3
thrashing horrors, a sixfirhy, a neqoxec, a small abomination and a fire giant
skeleton.

Vanquished Creatures
  A deep elf blademaster (Elf:2)
  2 deep elf sorcerers
  A deep elf demonologist (Elf:1)
  A deep elf annihilator (Elf:3)
  A deep elf high priest (Elf:3)
  5 catoblepae
  4 hydras
  2 ice dragons (IceCv)
  A two-headed ogre (D:10)
  7 death yaks (Lair:6)
  29 dancing weapons
  4 orc high priests
  A soul eater (Orc:2)
  Urug (Orc:1)
  16 deep elf knights
  A wretched star (Abyss:3)
  An infernal demonspawn (Orc:1)
  2 gelid demonspawn (Orc:2)
  A wizard (D:12)
  5 deep elf archers
  Pikel (D:5)
  5 orc knights (Orc:2)
  An orb spider (Lair:4)
  A wolf spider (shapeshifter) (Elf:3)
  17 orc sorcerers
  4 oklob plants (Lair:4)
  47 deep elf magi
  2 manticores (Lair:6)
  A centaur zombie (D:12)
  A rust devil (Orc:2)
  2 ice statues (IceCv)
  5 black mambas
  2 smoke demons
  3 centaur skeletons
  9 spiny frogs
  4 rime drakes
  4 komodo dragons
  A hellwing (Orc:2)
  A troll (D:10)
  A queen bee (Lair:1)
  2 hornets (D:11)
  5 hippogriffs
  20 blink frogs
  3 air elementals
  24 yaks
  Sigmund (D:5)
  2 large abominations
  A water elemental (Elf:2)
  A wraith (Abyss:2)
  2 fire elementals
  2 basilisks (Lair:2)
  2 hungry ghosts
  Menkaure (D:6)
  2 neqoxecs
  3 wargs
  3 small abominations
  7 porcupines
  11 water moccasins
  27 orc warriors
  4 sky beasts
  3 slaves
  A black bear (shapeshifter) (Elf:1)
  5 black bears
  3 phantoms
  16 ice beasts
  8 ogres
  4 centaurs
  5 wolves (Lair:3)
  9 crocodiles
  Blork the orc (D:5)
  A big kobold (D:6)
  18 bullfrogs
  5 earth elementals
  A gnoll sergeant (D:6)
  4 water moccasin zombies (Ossuary)
  A water moccasin skeleton (D:7)
  30 killer bees
  15 wights
  6 howler monkeys
  5 electric eels (D:7)
  4 crimson imps
  4 jellies
  19 orc priests
  2 gnoll shamans (D:6)
  5 hounds
  An iron imp (Abyss:2)
  Crazy Yiuf (D:5)
  14 orc wizards
  7 worker ants
  5 iguanas
  2 big kobold zombies (Ossuary)
  A hound zombie (D:11)
  A hound skeleton (D:4)
  2 mummies (Ossuary)
  A worker ant zombie (D:8)
  8 adders
  42 gnolls
  A shadow imp (D:10)
  An ufetubus (Abyss:2)
  3 oozes
  10 adder zombies
  2 adder skeletons
  A worm (D:2)
  3 dart slugs
  4 leopard geckos
  71 orcs
  7 bats
  4 giant cockroaches
  6 gnoll zombies
  8 hobgoblins
  22 jackals
  8 kobolds
  3 quokkas
  A ball python (D:3)
  5 frilled lizards
  15 goblins
  7 hobgoblin zombies (Ossuary)
  A jackal zombie (D:7)
  7 kobold zombies (Ossuary)
  A leopard gecko zombie (D:4)
  3 orc zombies (Ossuary)
  14 rats
  5 plants
794 creatures vanquished.

Vanquished Creatures (others)
  A deep elf knight (Elf:3)
  2 deep elf archers
  An orc warrior (Orc:2)
  A centaur (D:6)
  A quokka (D:5)
  6 fungi (Lair:4)
  9 plants
  2 starspawn tentacles (Abyss:2)
23 creatures vanquished.

Grand Total: 817 creatures vanquished

Notes
Turn   | Place    | Note
-------+----------+-------------------------------------------
     0 | D:1      | chriswess the Halfling Hunter began the quest for the Orb.
     0 | D:1      | Reached XP level 1. HP: 14/14 MP: 1/1
   125 | D:1      | Reached XP level 2. HP: 14/19 MP: 2/2
   160 | D:1      | Reached skill level 6 in Slings
   410 | D:1      | Reached XP level 3. HP: 22/24 MP: 3/3
   840 | D:2      | Reached XP level 4. HP: 17/29 MP: 4/4
  1145 | D:2      | Found a shimmering altar of Xom.
  1147 | D:2      | Found an ancient bone altar of Kikubaaqudgha.
  1147 | D:2      | Found a shattered altar of Ashenzari.
  1158 | D:2      | Found an iron altar of Okawaru.
  1158 | D:2      | Found a snail-covered altar of Cheibriados.
  1158 | D:2      | Found a hazy altar of Hepliaklqana.
  1468 | D:2      | Found a stormy altar of Qazlal.
  1643 | D:3      | Reached XP level 5. HP: 32/35 MP: 5/5
  1644 | D:3      | Found a sparkling altar of Nemelex Xobeh.
  1786 | D:3      | Reached skill level 1 in Shields
  2037 | D:4      | Found Maepsul's Distillery.
  2062 | D:4      | Bought a potion of might for 52 gold pieces
  2190 | D:5      | Entered Level 5 of the Dungeon
  2208 | D:5      | Noticed Sigmund
  2224 | D:5      | Noticed a slave
  2224 | D:5      | Noticed a slave
  2224 | D:5      | Noticed a slave
  2224 | D:5      | Noticed a slave
  2274 | D:5      | Reached XP level 6. HP: 31/41 MP: 4/6
  2302 | D:5      | Reached skill level 7 in Slings
  2306 | D:5      | Found a sand-covered staircase.
  2306 | D:5      | Noticed Pikel
  2311 | Ossuary  | Entered an ossuary
  2572 | Ossuary  | Reached XP level 7. HP: 38/46 MP: 5/7
  3106 | D:3      | Found a burning altar of Makhleb.
  3652 | D:4      | Found a bloodstained altar of Trog.
  4349 | D:5      | Noticed Blork the orc
  4381 | D:5      | Found a runed translucent door.
  4382 | D:5      | Noticed Crazy Yiuf
  4400 | D:5      | Killed Crazy Yiuf
  4638 | D:6      | Reached skill level 8 in Slings
  4749 | D:6      | Reached XP level 8. HP: 53/54 MP: 8/8
  5523 | D:5      | Got a transparent ring mail
  5534 | D:5      | Identified the +3 ring mail of Starshine {rC+ rN+ Str-3
                  | Slay+2} (You found it on level 5 of the Dungeon)
  6276 | D:5      | Found a white marble altar of Elyvilon.
  6356 | D:5      | Killed Blork the orc
  6356 | D:5      | Reached skill level 5 in Dodging
  6752 | D:5      | Reached skill level 9 in Slings
  6769 | D:6      | Reached skill level 5 in Stealth
  6892 | D:6      | Noticed Menkaure
  7167 | D:6      | Found a staircase to the Ecumenical Temple.
  7176 | Temple   | Entered the Ecumenical Temple
  7279 | D:6      | Found a sacrificial altar of Ru.
  7408 | D:6      | Reached XP level 9. HP: 59/59 MP: 9/9
  7499 | D:7      | Reached skill level 10 in Slings
  7887 | D:7      | Found a snail-covered altar of Cheibriados.
  8320 | D:7      | Found a radiant altar of Vehumet.
  8416 | D:7      | Found a shadowy altar of Dithmenos.
  8430 | D:7      | Became a worshipper of Dithmenos the Shadowed
  8480 | D:7      | Reached skill level 5 in Fighting
  9116 | D:7      | Reached skill level 11 in Slings
  9799 | D:8      | Found a basalt altar of Yredelemnul.
  9890 | D:8      | Found an ancient bone altar of Kikubaaqudgha.
 10009 | D:8      | Reached XP level 10. HP: 66/66 MP: 10/10
 10190 | D:8      | Reached skill level 12 in Slings
 10600 | D:8      | Noticed a two-headed ogre
 10937 | D:9      | Reached skill level 1 in Short Blades
 11028 | D:9      | Reached * piety under Dithmenos
 11519 | D:10     | Entered Level 10 of the Dungeon
 11519 | D:10     | Noticed a two-headed ogre
 12308 | D:11     | Noticed a four-headed hydra
 12512 | D:10     | Reached skill level 13 in Slings
 12557 | D:10     | Reached ** piety under Dithmenos
 12702 | D:10     | Found a staircase to the Lair.
 12703 | D:10     | Noticed a komodo dragon
 12851 | D:11     | Reached skill level 1 in Armour
 13239 | D:11     | Reached XP level 11. HP: 73/73 MP: 11/11
 13255 | D:11     | Reached skill level 1 in Evocations
 13356 | D:11     | Noticed a tengu warrior
 13874 | D:5      | Found a white marble altar of Elyvilon.
 14098 | D:5      | Killed Sigmund
 14173 | D:5      | Killed Pikel
 14445 | D:6      | Reached skill level 5 in Shields
 14866 | D:6      | Found a staircase to the Ecumenical Temple.
 14908 | D:6      | Found a sacrificial altar of Ru.
 14942 | D:6      | Killed Menkaure
 15793 | D:8      | Found a basalt altar of Yredelemnul.
 15832 | D:8      | Found an ancient bone altar of Kikubaaqudgha.
 16260 | D:10     | Killed a two-headed ogre
 16423 | D:10     | Reached *** piety under Dithmenos
 16492 | Lair:1   | Entered Level 1 of the Lair of Beasts
 16634 | Lair:1   | Found a frozen archway.
 16644 | IceCv    | Entered an ice cave
 16697 | IceCv    | Reached skill level 5 in Short Blades
 17113 | IceCv    | Reached XP level 12. HP: 81/81 MP: 14/14
 17122 | IceCv    | Reached skill level 14 in Slings
 17153 | IceCv    | Noticed an ice dragon
 17155 | IceCv    | Noticed an ice dragon
 17167 | IceCv    | Killed an ice dragon
 17181 | IceCv    | Killed an ice dragon
 17841 | Lair:1   | Reached **** piety under Dithmenos
 18423 | Lair:2   | Reached skill level 10 in Stealth
 18867 | Lair:2   | Noticed Gastronok
 19416 | Lair:3   | Reached skill level 15 in Slings
 19507 | Lair:3   | Reached XP level 13. HP: 29/88 MP: 15/15
 19587 | Lair:3   | Reached skill level 10 in Dodging
 20398 | Lair:4   | Noticed a seven-headed hydra
 20428 | Lair:4   | Found a staircase to the Swamp.
 20494 | Lair:4   | Found a hole to the Spider Nest.
 20543 | Lair:4   | Noticed a six-headed hydra
 20553 | Lair:4   | Killed a six-headed hydra
 20605 | Lair:4   | Noticed a catoblepas
 20660 | Lair:4   | HP: 3/89 [catoblepas (12)]
 20670 | Lair:4   | Killed a catoblepas
 20963 | Lair:4   | Noticed a seven-headed hydra
 21163 | Lair:4   | Killed a seven-headed hydra
 21878 | Lair:4   | Killed a seven-headed hydra
 22181 | Lair:5   | Noticed Rupert
 22185 | Lair:5   | Noticed a seven-headed hydra
 22246 | Lair:5   | Reached ***** piety under Dithmenos
 22442 | Lair:5   | Found a viscous altar of Jiyva.
 22443 | Lair:5   | Found a staircase to the Slime Pits.
 23348 | Lair:6   | Entered Level 6 of the Lair of Beasts
 23550 | Lair:6   | Found a shimmering altar of Xom.
 23568 | Lair:6   | Reached skill level 16 in Slings
 23797 | Lair:6   | Reached XP level 14. HP: 97/97 MP: 16/16
 25104 | Lair:6   | Reached skill level 10 in Short Blades
 25519 | D:12     | Found a staircase to the Orcish Mines.
 25532 | D:12     | Found Nitwes's Distillery.
 25881 | D:12     | Found a runed translucent door.
 26333 | Orc:1    | Entered Level 1 of the Orcish Mines
 26333 | Orc:1    | Noticed Urug
 26338 | Orc:1    | Killed Urug
 26402 | Orc:1    | Found a roughly hewn altar of Beogh.
 26446 | Orc:2    | Entered Level 2 of the Orcish Mines
 26446 | Orc:2    | Found a staircase to the Elven Halls.
 26694 | Orc:2    | Found Saxoun's Magic Scroll Shop.
 26698 | Orc:2    | Found Odghufopn's Magic Scroll Boutique.
 27183 | Orc:2    | Reached skill level 10 in Fighting
 27218 | Orc:2    | Reached skill level 5 in Armour
 27218 | Orc:2    | Reached XP level 15. HP: 103/103 MP: 17/17
 28070 | Orc:2    | Reached skill level 17 in Slings
 28129 | Orc:2    | Found Niaskoriz's Book Emporium.
 28129 | Orc:2    | Found Rucyd's Antique Weapon Shoppe.
 28129 | Orc:2    | Found a one-way gate leading to the halls of Pandemonium.
 28136 | Orc:2    | Paralysed by an orc sorcerer for 3 turns
 28334 | Orc:2    | Bought a runed short sword for 150 gold pieces
 28371 | Orc:2    | Bought a scroll of fear for 42 gold pieces
 28371 | Orc:2    | Bought 2 scrolls of identify for 48 gold pieces
 28371 | Orc:2    | Bought a scroll of identify for 24 gold pieces
 28371 | Orc:2    | Bought 2 scrolls of identify for 48 gold pieces
 28371 | Orc:2    | Bought a scroll of identify for 24 gold pieces
 29189 | Orc:1    | Paralysed by an orc sorcerer for 6 turns
 29568 | Orc:1    | Found a shimmering altar of Xom.
 29790 | Elf:1    | Entered Level 1 of the Elven Halls
 29791 | Elf:1    | Found Isech's Antique Armour Boutique.
 29799 | Elf:1    | Bought a pair of embroidered gloves for 225 gold pieces
 29930 | Elf:1    | Found Ukhaduax's Food Emporium.
 30175 | Elf:1    | Found a shimmering blue altar of Sif Muna.
 30196 | Elf:1    | Found Onobug's Food Shop.
 30198 | Elf:1    | Found Qecibig's Gadget Emporium.
 30393 | Elf:1    | Noticed a deep elf sorcerer
 30396 | Elf:1    | Killed a deep elf sorcerer
 30501 | Elf:1    | Reached XP level 16. HP: 110/110 MP: 18/18
 30854 | Elf:2    | Learned a level 2 spell: Call Imp
 30857 | Elf:2    | Learned a level 2 spell: Blink
 30914 | Elf:2    | Found a huge runed translucent gate.
 30914 | Elf:2    | Found a huge runed translucent gate.
 30917 | Elf:2    | Found a huge runed translucent gate.
 30917 | Elf:2    | Found a huge runed translucent gate.
 30921 | Elf:2    | Found a huge runed translucent gate.
 30995 | Elf:2    | Noticed a deep elf blademaster
 31000 | Elf:2    | Killed a deep elf blademaster
 31000 | Elf:2    | Reached skill level 1 in Translocations
 31148 | Elf:2    | Reached skill level 1 in Spellcasting
 31550 | Elf:3    | Entered Level 3 of the Elven Halls
 31968 | Elf:2    | Reached skill level 15 in Stealth
 33113 | Elf:2    | Reached skill level 1 in Invocations
 33358 | Elf:2    | Reached XP level 17. HP: 92/117 MP: 20/20
 33713 | Elf:2    | Reached skill level 18 in Slings
 34435 | Elf:3    | Found Texzaji's Jewellery Emporium.
 34886 | Elf:3    | Found Ketideot's Antique Weapon Emporium.
 34942 | Elf:3    | Cast into level 2 of the Abyss (a deep elf sorcerer)
 35005 | Abyss:2  | Noticed a tentacled starspawn
 35277 | Abyss:2  | Noticed a lich
 35545 | Abyss:3  | Paralysed by accursed screaming for 1 turns
 35549 | Abyss:3  | Paralysed by accursed screaming for 2 turns
 35551 | Abyss:3  | HP: 5/117 [sixfirhy (3)]
 35551 | Abyss:3  | Mangled by a sixfirhy

Levels and vault maps discovered:
D:1:      dpeg_arrival_subterranean_lakeside_camping, layout_loops_ring
D:2:      layout_rooms, nicolae_qazlal_general_emergency, doesnt_xom_only_xom,
          solitary_fountain
D:3:      layout_basic, lemuel_crystal_altar, nemelex_xobeh_ov_fountains_minmay
D:4:      layout_basic, overflow_temple_1_default, first_ration, serial_shops,
          nicolae_shop_temple_entry_statues_fountains
D:5:      layout_loops_ring, elyvilon_altar_4, nicolae_ossuary_entry_ruins,
          uniq_crazy_yiuf_cottage, uniq_pikel, uniq_sigmund, uniq_blork_the_orc
D:6:      lemuel_castle_with_subvaults [lemuel_castle_interior_carwin_3],
          layout_basic, kennysheep_mini, minmay_temple_entry_glassed_door,
          abandoned_shop, uniq_menkaure
D:7:      wad_lake_hut, layout_basic, grunt_dithmenos_shadows,
          lemuel_round_altar, old_standard_altar
D:8:      layout_basic, lemuel_zombie_altar_yredelemnul, lemuel_crystal_altar
D:9:      layout_long_grid
D:10:     layout_basic, david_lair_shrubbed
D:11:     layout_irregular_city, enter_bailey_2, grunt_tengu_nest
D:12:     layout_loops_corners, david_orc_3, serial_shops, shop,
          lightli_church_of_beogh
Temple:   compressed_dpeg_circular_temple
Lair:1:   layout_gridlike, portal_ice_cave_entry_pillars_1, special_room
          [special_room_bee], hibernation_bobbens
Lair:2:   layout_regular_city, uniq_gastronok
Lair:3:   layout_regular_city
Lair:4:   layout_regular_city, minmay_swamp_entry_reptiles,
          nicolae_spider_entry_orb_guardian, minmay_lair_oklob_chamber
Lair:5:   layout_small_grid, dpeg_slime_entry_enclosed_altar,
          grunt_megastairs_5, uniq_rupert
Lair:6:   evilmike_catoblepas_cave, layout_small_grid, basic_altar, minivault_24
Orc:1:    layout_caves, basic_altar, david_defended_altar_orc, uniq_urug
Orc:2:    pf_orc_diabolical, layout_diamond_mine
Elf:1:    layout_loops_ring, basic_altar, serial_shops, shop, shop, shop, shop,
          hangedman_elf_represent
Elf:2:    layout_gridlike, st_stairs_13, minivault_28
Elf:3:    minmay_elf_hall_curves, layout_geoelf_grid, serial_shops, shop, shop,
          uniq_saint_roka
Abyss:3:  base: Lair:2, doesnt_abyss_rune_brain_food

Skill      XL: |  1  2  3  4  5  6  7  8  9 10 11 12 13 14 15 16 17 |
---------------+----------------------------------------------------+-----
Slings         | 6 7 8 9 11 13 15 16 17 18 | 18.1
Fighting       | 2 3 4 5 6 7 8 9 10 11 | 11.1
Stealth        | 2 3 4 5 6 8 9 10 11 13 14 15 | 15.5
Dodging        | 3 4 5 6 7 8 9 11 12 13 14 | 14.5
Shields        | 1 2 3 4 5 |  5.6
Short Blades   | 3 5 7 9 10 11 12 | 12.3
Armour         | 1 3 5 6 7 |  7.0
Evocations     | 3 |  3.0
Translocations | 3 4 |  4.5
Spellcasting   | 2 |  2.9
Invocations    | 1 2 |  2.9

Action                   |  1- 3 |  4- 6 |  7- 9 | 10-12 | 13-15 | 16-18 || total
-------------------------+-------+-------+-------+-------+-------+-------++-------
Melee: Short sword       |    67 |    59 |   389 |       |       |    23 ||   538
       Dagger            |       |       |   150 |   264 |   567 |   350 ||  1331
 Fire: Hunting sling     |    26 |   229 |   342 |   742 |  1043 |   514 ||  2896
Throw: Dart              |       |       |       |     3 |     2 |     1 ||     6
 Cast: Blink             |       |       |       |       |       |     1 ||     1
Invok: Shadow Step       |       |       |       |       |    10 |     3 ||    13
Evoke: Wand              |       |       |       |     2 |     1 |       ||     3
  Use: Scroll            |       |     4 |     5 |    15 |    13 |     6 ||    43
       Potion            |       |       |     2 |     1 |     8 |     6 ||    17
 Stab: Sleeping          |     2 |     2 |    14 |    19 |    54 |    21 ||   112
       Distracted        |       |       |     1 |       |     1 |     3 ||     5
  Eat: Chunk             |       |     4 |    15 |    17 |    30 |    11 ||    77
       Ration            |       |       |     3 |     3 |     1 |     1 ||     8
Armor: Leather armour    |    17 |    38 |    36 |       |       |       ||    91
       Ring mail         |     1 |       |   124 |    89 |    96 |    95 ||   405
Dodge: Dodged            |    81 |    98 |   432 |   309 |   421 |   218 ||  1559
Block: Buckler           |       |    32 |   211 |   192 |   271 |   166 ||   872
       Reflection        |       |       |       |     5 |    14 |    15 ||    34
